 Dungeon Crawl Stone Soup version 0.18-a0-1539-g1c7284a (webtiles) character file.

228 Duffy the Magician (level 5, -3/38 HPs)
             Began as a Draconian Fire Elementalist on Mar 9, 2016.
             Killed by miscasting Sticky Flame (14 damage)
             ... on level 3 of the Dungeon.
             The game lasted 00:04:56 (3166 turns).

Duffy the Magician (Draconian Fire Elementalist)    Turns: 3166, Time: 00:04:56

Health: -3/38      AC:  6    Str: 11    XL:     5   Next: 70%
Magic:  4/11       EV: 12    Int: 16    God:
Gold:   98         SH:  0    Dex: 11    Spells: 4 memorised, 0 levels left

rFire  . . .     SeeInvis .     x - +1 falchion (freeze)
rCold  . . .     Gourm    .     (armour unavailable)
rNeg   . . .     Faith    .     (no shield)
rPois  +         Spirit   .     (helmet restricted)
rElec  .         Dismiss  .     (no cloak)
rCorr  .         Reflect  .     u - +0 pair of gloves
SustAt +         Harm     .     (no boots)
MR     .....                    (no amulet)
Stlth  ++........               p - ring of sustain attributes
                                j - ring of poison resistance

@: very slightly contaminated, not resistant to hostile enchantments, unstealthy
A: unfitting armour, cold-blooded, AC +5
a: no special abilities


You were on level 3 of the Dungeon.
You were hungry.

You visited 1 branch of the dungeon, and saw 3 of its levels.

You collected 98 gold pieces.


Innate Abilities, Weirdness & Mutations

Your plain brown scales are hard (AC +5).
Your body does not fit into most forms of armour.
You are cold-blooded and may be slowed by cold attacks.


   Skills:
 - Level 1.7 Dodging
 - Level 1.7 Stealth
 - Level 4.5 Spellcasting
 + Level 3.2 Conjurations
 + Level 3.2 Fire Magic


You couldn't memorise any spells.
You knew the following spells:

 Your Spells              Type           Power        Failure   Level  Hunger
a - Flame Tongue          Conj/Fire      ##...        6%          1    None
j - Sticky Flame          Conj/Fire      ##......     50%         4    ####...
k - Fireball              Conj/Fire      ##........   96%         5    ######.
l - Conjure Flame         Conj/Fire      ##......     14%         3    ###....

Inventory:

Hand Weapons
 h - a +0 dagger
 x - a +1 falchion of freezing (weapon)
Missiles
 m - 10 poisoned needles
 q - 3 javelins (quivered)
Armour
 u - a +0 pair of gloves (worn)
Jewellery
 j - a ring of poison resistance (left hand)
 p - a ring of sustain attributes (right hand)
Scrolls
 c - 4 scrolls of identify {unknown}
 d - a scroll of magic mapping {unknown}
 e - a scroll of enchant armour {unknown}
 f - 3 scrolls of immolation {unknown}
 g - 5 scrolls of remove curse {unknown}
 k - a scroll of fear {unknown}
 n - a scroll of teleportation {unknown}
 o - a scroll of random uselessness {unknown}
 w - a scroll of noise {unknown}
Potions
 i - a potion of lignification {unknown}
 r - a potion of heal wounds {unknown}
 t - 2 potions of flight {unknown}
 v - a potion of might {unknown}
Books
 a - a book of Flames
Comestibles
 b - 3 bread rations
 l - 5 chunks of flesh
 s - a meat ration

Dungeon Overview and Level Annotations

Branches:
Dungeon (3/15)

Altars:

Annotations:
D:3 Grinder


Message History

Grinder comes into view.
HP restored.
Grinder shouts!
Grinder is too close now for your liking.
There is an open door, spattered with blood here.
Items here: ( ))) [ a dagger; a club; a dagger; a robe; 16 stones Grinder grins, showing sharp teeth.
Grinder gestures.
Grinder blinks!
Cast which spell? (? or * to list)
Aiming: Sticky Flame
Press: ? - help, Shift-Dir - straight line, f - Grinder
Aim: Grinder You miscast Sticky Flame.
You are very lightly contaminated with residual magic.
You are momentarily dazzled by a flash of light!
You are feeling hungry.
Grinder hits you!
You writhe in agony.
Grinder gestures at you. Pain shoots through your body!
Grinder gestures at you. Pain shoots through your body!
There is an open door, spattered with blood here.
Items here: ( ))) [ a dagger; a club; a dagger; a robe; 16 stones You see here 21 sling bullets.
Grinder gestures.
Grinder blinks!
Cast which spell? (? or * to list)
Aiming: Sticky Flame
Press: ? - help, Shift-Dir - straight line, f/p - Grinder
Aim: Grinder You miscast Sticky Flame.
You are blasted with fire.
You die...

#####..### #.#
#####)#####.#
#....(....#.#
#....(....#.#
#.........#.#
#.........#.#
#.........#.#
#.)..(....#.#
#####.....5@..#.#
#.............#.#
##
#........(....#.#
.#
#.....######'##.#
.# #.....# #....#
.#####.....#
#....#
...........#
#....#
.......#####
##'#.# .......#
#.#.#


You could see Grinder.

Action                   |  1- 3 |  4- 6 || total
-------------------------+-------+-------++-------
Melee: Dagger            |    10 |       ||    10
 Cast: Flame Tongue      |    62 |    56 ||   118
       Conjure Flame     |     3 |       ||     3
       Sticky Flame      |       |     1 ||     1
  Eat: Chunk             |     3 |       ||     3
       Meat ration       |       |     1 ||     1

Notes
Turn   | Place    | Note
--------------------------------------------------------------
     0 | D:1      | Duffy the Draconian Fire Elementalist began the quest for the Orb.
     0 | D:1      | Reached XP level 1. HP: 14/14 MP: 3/3
   430 | D:1      | Reached skill level 2 in Conjurations
   430 | D:1      | Reached XP level 2. HP: 20/20 MP: 0/5
   900 | D:2      | Reached skill level 3 in Conjurations
   900 | D:2      | Reached XP level 3. HP: 26/26 MP: 0/6
   960 | D:2      | Learned a level 3 spell: Conjure Flame
  2003 | D:1      | Reached skill level 3 in Spellcasting
  2051 | D:2      | Reached XP level 4. HP: 22/33 MP: 4/8
  2189 | D:2      | Learned a level 4 spell: Sticky Flame
  2458 | D:3      | Reached skill level 4 in Spellcasting
  2458 | D:3      | Reached XP level 5. HP: 38/38 MP: 7/11
  2841 | D:3      | Noticed Terence
  2857 | D:3      | Killed Terence
  2951 | D:3      | Learned a level 5 spell: Fireball
  3122 | D:3      | Noticed Grinder
  3166 | D:3      | Killed by miscasting Sticky Flame

Vault maps used:
D:1:      saegor_arrival_simple_a
D:3:      first_bread, serial_park_tiny_pond, uniq_terence, uniq_grinder

Vanquished Creatures
  An orc priest Terence
  2 orc wizards
  4 gnolls
  3 adders
  A worm
  2 giant geckos
  8 orcs
  5 bats
  3 giant cockroaches
  4 goblins
  3 hobgoblins
  4 jackals
  A kobold
  A quokka
  A ball python
  4 rats
48 creatures vanquished.
